 Dungeon Crawl Stone Soup version 0.23.2-40-g277498a001 (webtiles) character file.

Game seed: 3319910573102170495

4745 DildoBatman the Merchant of Misery (level 10, 0/63 HPs)
             Began as a Formicid Wizard on Oct 19, 2019.
             Was a Believer of Kikubaaqudgha.
             Slain by a yak (7 damage)
             ... on level 10 of the Dungeon.
             The game lasted 00:37:19 (7951 turns).

DildoBatman the Merchant of Misery (FoWz)           Turns: 7951, Time: 00:37:19

Health: 0/63       AC:  6    Str: 17    XL:     10   Next: 74%
Magic:  2/16       EV: 11    Int: 21    God:    Kikubaaqudgha [**....]
Gold:   370        SH:  0    Dex:  9    Spells: 6/18 levels left

rFire    + . .     SeeInvis +   a - +1 whip (venom)
rCold    x . .     Gourm    .   (no shield)
rNeg     . . .     Faith    .   o - +1 troll leather armour
rPois    +         Spirit   .   (helmet unavailable)
rElec    .         Reflect  .   (no cloak)
rCorr    .         Harm     .   (no gloves)
MR       +....                  n - +0 pair of boots
Stlth    ++........             (no amulet)
HPRegen  0.60/turn              l - ring of fire
MPRegen  0.15/turn              x - ring of poison resistance

@: mighty
A: permanent stasis, dig shafts and tunnels, four strong arms, antennae 3
a: Dig, Shaft Self, Receive Corpses, Renounce Religion


You were on level 10 of the Dungeon.
You worshipped Kikubaaqudgha.
Kikubaaqudgha was pleased with you.
You were very hungry.

You visited 1 branch of the dungeon, and saw 10 of its levels.

You collected 370 gold pieces.

Inventory:

Hand Weapons
 a - a +1 whip of venom (weapon)
 b - a +0 hunting sling
 m - a +0 glaive
Missiles
 c - 18 sling bullets
 d - 73 arrows
 e - 38 stones (quivered)
 h - 36 bolts
Armour
 n - a +0 pair of boots (worn)
 o - a +1 troll leather armour (worn)
Jewellery
 l - a ring of fire (left hand)
 x - a ring of poison resistance (right hand)
 C - an uncursed ring of stealth
Wands
 w - a wand of flame (21)
Scrolls
 g - 3 scrolls of teleportation
 i - 2 scrolls of remove curse
 k - 2 scrolls of amnesia
 q - a scroll of identify
 s - a scroll of immolation {unknown}
 y - a scroll of blinking {unknown}
 z - a scroll of noise {unknown}
 D - a scroll of magic mapping {unknown}
 E - a scroll of holy word {unknown}
Potions
 f - a potion of flight
 j - a potion of degeneration
 r - 2 potions of haste
Comestibles
 v - 20 rations


   Skills:
 - Level 1.7 Dodging
 - Level 2.4 Stealth
 * Level 4.5 Spellcasting
 - Level 6.0 Conjurations
 - Level 4.4 Charms
   Level 1.0 Summonings
 - Level 9.3 Necromancy
   Level 0.8 Translocations
 - Level 5.0 Fire Magic
 - Level 5.0 Air Magic


You had 6 spell levels left.
You knew the following spells:

 Your Spells              Type           Power        Failure   Level  Hunger
a - Conjure Flame         Conj/Fire      #####...     4%          3    ##.....
c - Magic Dart            Conj           ####         1%          1    None
d - Regeneration          Chrm/Necr      ####......   2%          3    ##.....
e - Mephitic Cloud        Conj/Pois/Air  ###.....     10%         3    ##.....
z - Sublimation of Blood  Necr           #####.....   1%          2    #......

Your spell library contained the following spells:

 Spells                   Type           Power        Failure   Level  Hunger
 Pain                     Necr           ####         1%          1    None
 Corpse Rot               Necr           N/A          1%          2    #......
 Summon Butterflies       Summ           #.......     10%         1    None
 Call Imp                 Summ           #.......     14%         2    #......
 Slow                     Hex            #.......     22%         2    #......
 Call Canine Familiar     Summ           #.......     28%         3    ##.....
 Summon Ice Beast         Ice/Summ       #.......     75%         4    ####...
 Summon Mana Viper        Hex/Summ       #.......     97%         5    ######.
 Summon Hydra             Summ           #.........   100%        7    #######
 Blink                    Tloc           Unusable     N/A         2    N/A

Dungeon Overview and Level Annotations

Branches:
Dungeon (11/15)            Temple (0/1) D:5
   Lair: D:8-11         Orc: D:9-12

Altars:
Ashenzari
Kikubaaqudgha
Nemelex Xobeh
Ru
Wu Jian

Shops:
D:8 :

Annotations:
D:6 2 transporters, weresquid's ghost, novice GrGl


Innate Abilities, Weirdness & Mutations

You cannot be hasted, slowed, berserked, paralysed or teleported.
You can dig through walls and to a lower floor.
Your four strong arms can wield two-handed weapons with a shield.
You have a pair of large antennae on your head. (SInv)


Message History

The yak gores you.
You whack the yak!
The yak is poisoned.
The yak is heavily wounded.
The yak gores you but does no damage.
You whack the yak!
The yak looks as sick as possible!
The yak is severely wounded.
The yak gores you but does no damage.
You hit the yak.
The yak is almost dead.
The yak gores you but does no damage.
You barely miss the yak.
The yak is almost dead.
You feel less wooden.
Your +0 pair of boots unmelds from your body.
Your +1 troll leather armour unmelds from your body.
The yak gores you!
You die...
Kikubaaqudgha rasps: "You have failed me!
Welcome... death!"

#..........#
#.....(....#
#......((.{#
#......#)###
..#......##(##
8..n.....###)##
...z...>.#
##(##
.........#
##Y##
.........# ##@#
.....l...# ###
..........
...........
.......####
###....


You could see a yak.

Vanquished Creatures
  An unseen horror (D:11)
  A manticore (D:10)
  A cyclops (D:11)
  2 trolls (D:11)
  A spriggan (D:7)
  3 yaks (D:10)
  A water moccasin (D:6)
  An orc warrior (D:11)
  An ice beast (D:7)
  A phantom (D:8)
  5 ogres
  A necrophage (D:10)
  A centaur (D:8)
  Blork the orc (D:5)
  5 wights (D:10)
  8 crimson imps
  2 bullfrog zombies
  A quasit (D:6)
  4 jellies
  2 hounds
  A centaur skeleton (D:6)
  5 orc priests
  4 orc wizards
  Jessica (D:1)
  3 iguanas
  Natasha (thrice) (D:2)
  6 worker ants
  Terence (D:1)
  A hound zombie (D:11)
  2 worker ant zombies
  A howler monkey skeleton (D:6)
  4 adders
  A shadow imp (D:8)
  An adder skeleton (D:7)
  4 worms
  A dart slug (D:1)
  3 leopard geckos
  21 orcs
  4 giant cockroaches
  6 goblins
  5 hobgoblins
  4 jackals (D:6)
  9 kobolds
  A ball python (D:2)
  6 bats
  5 frilled lizards
  A quokka skeleton (D:4)
  9 rats
156 creatures vanquished.

Notes
Turn   | Place    | Note
-------+----------+-------------------------------------------
     0 | D:1      | DildoBatman the Formicid Wizard began the quest for the
                  | Orb.
     0 | D:1      | Reached XP level 1. HP: 13/13 MP: 4/4
    11 | D:1      | Reached skill level 1 in Conjurations
   368 | D:1      | Reached XP level 2. HP: 19/19 MP: 4/6
   955 | D:1      | Reached XP level 3. HP: 20/24 MP: 1/7
   960 | D:1      | Learned a level 3 spell: Conjure Flame
   964 | D:1      | Learned a level 3 spell: Mephitic Cloud
  1259 | D:2      | Found a faded altar of an unknown god.
  1832 | D:2      | Noticed Jessica
  2174 | D:2      | Noticed Terence
  2279 | D:3      | Reached XP level 4. HP: 30/30 MP: 3/8
  2366 | D:3      | Noticed Natasha
  3035 | D:3      | Reached XP level 5. HP: 35/35 MP: 3/9
  3578 | D:4      | Noticed an ogre
  3682 | D:4      | Reached XP level 6. HP: 41/41 MP: 1/10
  3828 | D:4      | Killed an ogre
  3828 | D:4      | Reached skill level 5 in Conjurations
  3917 | D:4      | Found a sacrificial altar of Ru.
  3918 | D:4      | Found a shattered altar of Ashenzari.
  3918 | D:4      | Found an ancient bone altar of Kikubaaqudgha.
  3928 | D:4      | Found a sparkling altar of Nemelex Xobeh.
  3932 | D:4      | Became a worshipper of Kikubaaqudgha
  4134 | D:2      | Killed Natasha
  4194 | D:2      | Noticed Natasha
  4207 | D:2      | Killed Natasha
  4335 | D:2      | Noticed Natasha
  4340 | D:2      | Killed Natasha
  4357 | D:1      | Killed Jessica
  4357 | D:1      | Reached XP level 7. HP: 46/46 MP: 7/11
  4435 | D:1      | Killed Terence
  4508 | D:5      | Entered Level 5 of the Dungeon
  4516 | D:5      | Reached skill level 1 in Fire Magic
  4516 | D:5      | Reached skill level 1 in Air Magic
  4600 | D:5      | Found a staircase to the Ecumenical Temple.
  4819 | D:5      | Noticed Blork the orc
  5063 | D:5      | Killed Blork the orc
  5128 | D:5      | Reached * piety under Kikubaaqudgha
  5128 | D:5      | Identified Kikubaaqudgha's Reference Book on Black Arts
                  | (Kikubaaqudgha gifted it to you on level 5 of the Dungeon)
  5128 | D:5      | Received a gift from Kikubaaqudgha
  5128 | D:5      | Reached XP level 8. HP: 50/52 MP: 5/12
  5229 | D:5      | Learned a level 2 spell: Sublimation of Blood
  5233 | D:5      | Learned a level 3 spell: Regeneration
  5325 | D:5      | Got a polished ring mail
  5341 | D:5      | Identified the +2 ring mail of Anarchy {+Fly rN+} (You
                  | found it on level 5 of the Dungeon)
  5819 | D:6      | Found an ornate altar of the Wu Jian Council.
  5976 | D:6      | Reached skill level 5 in Fire Magic
  6076 | D:6      | Noticed weresquid's ghost (novice GrGl)
  6077 | D:6      | Found a transporter.
  6079 | D:6      | Identified the +5 great mace "Erchu" {speed, +Inv Dex+4}
  6084 | D:6      | Found a transporter.
  6367 | D:7      | Reached skill level 5 in Air Magic
  6367 | D:7      | Reached XP level 9. HP: 57/57 MP: 2/13
  6444 | D:7      | Reached skill level 1 in Charms
  6444 | D:7      | Reached skill level 1 in Necromancy
  6475 | D:7      | Reached skill level 2 in Necromancy
  6815 | D:8      | Found Nuta's Book Shop.
  6952 | D:8      | Reached skill level 3 in Necromancy
  6962 | D:8      | You fall through a shaft for 3 floors!
  7159 | D:11     | Noticed a cyclops
  7262 | D:11     | Killed a cyclops
  7262 | D:11     | Reached ** piety under Kikubaaqudgha
  7262 | D:11     | Reached skill level 4 in Necromancy
  7382 | D:11     | Reached skill level 5 in Necromancy
  7505 | D:11     | Noticed a troll
  7554 | D:11     | Killed a troll
  7554 | D:11     | Reached skill level 6 in Necromancy
  7554 | D:11     | Reached XP level 10. HP: 38/63 MP: 1/14
  7677 | D:11     | Noticed an unseen horror
  7689 | D:11     | Reached skill level 7 in Necromancy
  7737 | D:11     | Killed an unseen horror
  7737 | D:11     | Reached skill level 8 in Necromancy
  7784 | D:11     | Noticed a fire dragon
  7801 | D:10     | Entered Level 10 of the Dungeon
  7886 | D:10     | Noticed a manticore
  7920 | D:10     | Killed a manticore
  7920 | D:10     | Reached skill level 9 in Necromancy
  7951 | D:10     | Slain by a yak

Skill      XL: |  1  2  3  4  5  6  7  8  9 10 |
---------------+-------------------------------+-----
Conjurations   | 1 2 3 4 6 |  6.0
Fire Magic     | 3 5 |  5.0
Air Magic      | 2 5 |  5.0
Charms         | 4 |  4.4
Necromancy     | 6 9 |  9.3
Spellcasting   | 4 |  4.5
Dodging        | |  1.7
Stealth        | |  2.4
Summonings     | |  1.0
Translocations | |  0.8

Action                   |  1- 3 |  4- 6 |  7- 9 | 10-12 || total
-------------------------+-------+-------+-------+-------++-------
Melee: Dagger            |    26 |     5 |       |       ||    31
       Flail             |       |     9 |    16 |       ||    25
       Whip              |       |       |   162 |    63 ||   225
 Fire: Hunting sling     |       |    68 |   102 |    91 ||   261
Throw: Javelin           |       |       |     2 |       ||     2
 Cast: Magic Dart        |    98 |    37 |    91 |     2 ||   228
       Mephitic Cloud    |     3 |    15 |    32 |     8 ||    58
       Conjure Flame     |       |     3 |    24 |    10 ||    37
       Regeneration      |       |       |     7 |       ||     7
       Sublimation of Bl |       |       |     1 |       ||     1
 Abil: Dig               |     6 |     3 |    16 |     3 ||    28
       Shaft Self        |       |       |     1 |       ||     1
Evoke: Wand              |       |       |     9 |     5 ||    14
  Use: Scroll            |       |       |     6 |     4 ||    10
       Potion            |       |       |     4 |     2 ||     6
 Stab: Confused          |     1 |     3 |     7 |     1 ||    12
       Sleeping          |     1 |       |       |       ||     1
       Paralysed         |       |       |    10 |       ||    10
  Eat: Chunk             |     5 |     8 |    18 |     2 ||    33
       Ration            |       |       |     1 |       ||     1
Armor: Robe              |     6 |     2 |     3 |       ||    11
       Ring mail         |       |       |    58 |       ||    58
       Skin              |       |       |    20 |    31 ||    51
       Troll leather arm |       |       |       |    10 ||    10
Dodge: Dodged            |    25 |    21 |   102 |    24 ||   172
